Map: Magma Mines

Players

Ares - Winner!

  • Race: Zerg Zerg
  • Spawn Location: 11:00

Larry - Winner!

  • Race: Protoss Protoss
  • League: Grandmaster
  • Spawn Location: 9:00

CranK

  • Race: Protoss Protoss
  • Spawn Location: 3:00

True

  • Race: Zerg Zerg
  • League: Grandmaster
  • Spawn Location: 1:00

VOD

Have the link to the VOD?

Description

Time

  • Played on: Aug. 23, 2016, 2:03 p.m.
  • Length: 7:41
Show
View Real Time Build Order
Export as new Build Order

Ares Zerg - Winner!

Build Orders: Hatch First 

Get SALT Encoding   

  12  0:00  Drone  
  13  0:14  Overlord  
  13  0:17  Drone  
  14  0:32  Drone x2  
  16  0:37  Drone  
  17  0:52  Hatchery  
  17  0:54  Drone  
  17  0:58  Drone  
  18  1:07  Extractor  
  17  1:13  Spawning Pool  
  17  1:17  Drone  
  17  1:19  Drone  
  18  1:35  Drone  
  19  1:41  Overlord  
  19  1:55  Drone  
  20  2:01  Drone  
  20  2:02  Queen  
  20  2:04  Drone, Queen  
  26  2:11  Metabolic Boost  
  26  2:13  Zergling x2  
  27  2:18  Zergling x2  
  28  2:26  Zergling x2  
  28  2:27  Roach Warren  
  28  2:31  Zergling x2  
  28  2:35  Zergling x2  
  30  2:40  Drone  
  31  2:45  Drone  
  31  2:47  Lair, Drone  
  31  2:51  Extractor  
  32  2:58  Drone x2  
  34  3:06  Drone  
  34  3:09  Overlord  
  35  3:13  Drone, Overlord  
  36  3:25  Overlord  
  36  3:29  Drone x5  
  41  3:44  Overlord  
  41  3:48  Glial Reconstitution  
  41  3:50  Roach  
  41  3:51  Roach  
  41  3:53  Roach x2  
  41  3:54  Roach  
  50  4:00  Overlord  
  50  4:01  Roach x2  
  50  4:02  Roach  
  58  4:10  Roach x2  
  58  4:16  Overlord  
  56  4:18  Roach x2  
  56  4:23  Roach, Extractor  
  61  4:28  Roach  
  63  4:35  Drone x2  
  63  4:36  Spore Crawler, Extractor, Drone  
  63  4:38  Drone x2  
  66  4:41  Drone  
  66  4:42  Roach  
  69  4:46  Roach  
  69  4:47  Roach, Drone  
  74  4:54  Roach x2  
  78  5:04  Roach x2  
  82  5:10  Roach  
  84  5:19  Queen  
  84  5:26  Overlord  
  84  5:29  Overlord  
  84  5:30  Baneling Nest  
  83  5:37  Overlord  
  83  5:38  Zergling x2  
  83  5:55  Roach  
  83  5:56  Roach x2  
  85  6:03  Roach x3  
  79  6:13  Roach x2  
  83  6:18  Roach x2  
  83  6:19  Roach x2  
  85  6:28  Roach  
  85  6:29  Zergling x2  
  74  6:44  Hatchery  
  73  6:47  Zergling x8  
  73  6:48  Zergling x2  
  73  6:51  Zergling x4  
Show
View Real Time Build Order
Export as new Build Order

Larry Protoss - Winner!

Build Orders: Cannon Rush 

Get SALT Encoding   

  12  0:01  Probe (Chrono Boost)  
  13  0:11  Probe (Chrono Boost)  
  14  0:19  Pylon  
  14  0:23  Probe (Chrono Boost)  
  15  0:38  Probe (Chrono Boost)  
  15  0:40  Forge  
  16  0:48  Probe (Chrono Boost)  
  17  0:52  Pylon  
  17  1:08  Pylon  
  17  1:27  Photon Cannon  
  17  1:29  Pylon  
  17  1:32  Pylon  
  17  1:40  Pylon  
  17  1:49  Pylon  
  17  1:53  Probe (Chrono Boost)  
  18  1:58  Photon Cannon  
  18  1:59  Photon Cannon  
  18  2:07  Photon Cannon  
  18  2:18  Photon Cannon  
  18  2:33  Photon Cannon  
  18  2:40  Photon Cannon  
  18  2:49  Pylon  
  17  2:54  Pylon  
  17  2:57  Probe (Chrono Boost)  
  18  3:11  Gateway  
  18  3:14  Assimilator  
  18  3:17  Probe (Chrono Boost), Assimilator  
  19  3:28  Probe (Chrono Boost)  
  20  3:42  Probe (Chrono Boost)  
  21  3:54  Probe (Chrono Boost)  
  22  3:57  Nexus  
  22  4:04  Cybernetics Core  
  22  4:15  Probe (Chrono Boost)  
  23  4:30  Probe (Chrono Boost)  
  24  4:40  Stargate  
  24  4:41  Stargate  
  24  4:43  Probe (Chrono Boost)  
  25  4:48  Pylon  
  25  4:55  Mothership Core (Chrono Boost)  
  25  4:59  Pylon  
  27  5:09  Probe (Chrono Boost)  
  27  5:13  Probe (Chrono Boost)  
  29  5:20  Probe (Chrono Boost)  
  30  5:25  Phoenix (Chrono Boost)  
  32  5:31  Phoenix (Chrono Boost)  
  35  5:35  Probe  
  35  5:36  Probe  
  36  5:50  Phoenix (Chrono Boost)  
  36  5:53  Phoenix (Chrono Boost)  
  40  5:57  Probe  
  40  6:05  Probe  
  41  6:12  Phoenix (Chrono Boost)  
  41  6:17  Probe  
  44  6:22  Phoenix (Chrono Boost)  
  46  6:26  Probe  
  46  6:31  Probe  
  48  6:38  Probe  
  47  6:43  Probe  
  48  6:47  Phoenix x2 (Chrono Boost)  
  52  6:53  Pylon  
  52  6:55  Probe  
Show
View Real Time Build Order
Export as new Build Order

CranK Protoss 

Build Orders:  

Get SALT Encoding   

  12  0:01  Probe (Chrono Boost)  
  13  0:13  Probe (Chrono Boost)  
  14  0:19  Pylon  
  14  0:23  Probe (Chrono Boost)  
  15  0:37  Probe (Chrono Boost)  
  15  0:40  Gateway  
  16  0:48  Probe (Chrono Boost)  
  17  0:57  Assimilator  
  17  0:58  Probe (Chrono Boost)  
  17  0:59  Assimilator  
  18  1:09  Probe (Chrono Boost)  
  19  1:21  Pylon  
  19  1:23  Probe (Chrono Boost)  
  20  1:31  Zealot (Chrono Boost)  
  22  1:39  Probe  
  23  1:55  Zealot (Chrono Boost)  
  23  2:18  Zealot (Chrono Boost)  
  25  2:28  Probe (Chrono Boost)  
  20  2:39  Probe (Chrono Boost)  
  19  2:47  Cybernetics Core  
  19  2:49  Probe (Chrono Boost)  
  20  3:00  Probe (Chrono Boost)  
  21  3:10  Probe (Chrono Boost)  
  22  3:21  Probe (Chrono Boost)  
  23  3:32  Probe (Chrono Boost)  
  24  3:37  Stargate  
  26  3:42  Probe (Chrono Boost)  
  25  3:49  Gateway  
  25  3:54  Probe (Chrono Boost)  
  26  4:04  Probe (Chrono Boost)  
  27  4:15  Probe (Chrono Boost)  
  28  4:25  Oracle (Chrono Boost)  
  31  4:32  Pylon  
  31  4:37  Warp Gate  
  31  4:50  Probe  
  32  4:54  Pylon  
  32  5:02  Probe  
  32  5:03  Void Ray (Chrono Boost)  
  37  5:08  Pylon  
  37  5:14  Probe  
  39  5:30  Nexus  
  40  5:35  Mothership Core  
  40  5:49  Void Ray (Chrono Boost)  
  42  6:07  Probe  
  42  6:12  Pylon  
  40  6:19  Probe  
  41  6:31  Probe  
  34  6:43  Probe  
  26  6:55  Probe  
  26  7:07  Probe  
  26  7:19  Probe  
Show
View Real Time Build Order
Export as new Build Order

True Zerg 

Build Orders: Pool First 

Get SALT Encoding   

  12  0:01  Drone  
  13  0:13  Overlord  
  13  0:16  Drone  
  14  0:32  Drone x2  
  16  0:36  Drone  
  17  0:55  Drone  
  18  1:02  Spawning Pool  
  17  1:04  Drone  
  17  1:07  Extractor  
  17  1:16  Hatchery  
  16  1:20  Drone  
  16  1:24  Drone  
  18  1:49  Zergling x4  
  18  1:50  Zergling x2  
  21  2:01  Zergling x2  
  20  2:31  Zergling x2  
  20  2:32  Metabolic Boost  
  20  2:35  Zergling x6  
  23  2:43  Zergling x2  
  23  2:47  Zergling x2, Queen  
  23  2:51  Queen  
  27  3:13  Baneling Nest  
  27  3:15  Drone  
  27  3:19  Overlord  
  27  3:39  Zergling x2  
  27  3:40  Zergling x10  
  33  3:50  Zergling x2  
  33  3:51  Zergling x2  
  34  4:09  Drone x2  
  36  4:10  Overlord  
  36  4:13  Overlord  
  36  4:24  Overlord  
  36  4:26  Hatchery  
  36  4:27  Drone  
  36  4:28  Drone  
  36  4:30  Drone  
  38  4:34  Drone  
  38  4:36  Drone  
  40  4:38  Drone  
  41  4:46  Drone x2  
  41  4:47  Drone  
  44  4:53  Drone x2  
  46  5:03  Drone x4  
  50  5:10  Zergling x2  
  50  5:11  Zergling x2  
  52  5:18  Zergling x8  
  54  5:22  Roach Warren  
  53  5:32  Zergling x8  
  57  5:36  Spine Crawler  
  57  5:38  Zergling x4  
  58  5:47  Zergling x2  
  56  5:51  Zergling x6  
  56  5:52  Zergling x2  
  50  5:57  Zergling x2  
  50  5:58  Zergling x2  
  50  6:00  Zergling x2  
  50  6:04  Zergling x2  
  50  6:05  Zergling x2  
  50  6:08  Zergling x2  
  50  6:14  Zergling x2  
  40  6:31  Zergling x2  
  35  6:38  Zergling x2  
  35  6:39  Zergling x2  
  33  6:40  Zergling x2  
  33  6:43  Zergling x2  
  33  6:46  Zergling x2  
  36  6:50  Zergling x2  
Tags
 
Add a new tag
Caveats
  • Supply blocks, unpowered buildings, or Contaminate may cause inaccurate times.
  • Supply counts are checked every 10 seconds.